 Dungeon Crawl Stone Soup version 0.31-a0-691-g409c26aa35 (webtiles) character file.

Game seed: 10393665781857814391

67 iamoutofideas the Chopper (level 4, -3/61 HPs)
             Began as a Hill Orc Berserker on Sept 7, 2023.
             Was a Believer of Trog.
             Slain by a gnoll
             ... wielding a +0 halberd
              (7 damage)
             ... on level 3 of the Dungeon.
             The game lasted 00:02:45 (1964 turns).

iamoutofideas the Chopper (Hill Orc Berserker)      Turns: 1964, Time: 00:02:45

Health: -3/61      AC:  3    Str: 21    XL:     4   Next: 18%
Magic:  4/4        EV: 11    Int:  7    God:    Trog [**....]
Gold:   103        SH:  0    Dex: 10    Spells: 3/3 levels left

rFire   . . .        a - +1 hand axe
rCold   . . .        (no shield)
rNeg    . . .        c - +0 leather armour
rPois   .            (no helmet)
rElec   .            (no cloak)
rCorr   .            (no gloves)
SInv    .            (no boots)
Will    .....        (no amulet) Stlth
                     (no ring)
HPRegen 0.30/turn    (no ring)
MPRegen 0.09/turn

%: no passive effects
@: berserking, very quick
A: no striking features
a: Renounce Religion, Berserk, Trog's Hand


You were on level 3 of the Dungeon.
You worshipped Trog.
Trog was pleased with you.
You visited 1 branch of the dungeon, and saw 3 of its levels.

You collected 103 gold pieces.

Inventory:

Hand Weapons
 a - a +1 hand axe (weapon)
Armour
 b - a +0 animal skin
 c - a +0 leather armour (worn)
 f - a +2 ring mail of cold resistance
 n - a +0 scale mail
Potions
 d - a potion of brilliance {unknown}
 e - a potion of might {unknown}
 i - a potion of cancellation {unknown}
 j - a potion of curing {unknown}
 k - a potion of magic {unknown}
 m - a potion of lignification {unknown}


   Skills:
 + Level 4.6 Fighting
 + Level 5.1 Axes
 + Level 2.7 Armour
 + Level 1.8 Dodging


You had 3 spell levels left.
You didn't know any spells.
Your spell library contained the following spells:

 Spells                   Type           Power      Damage    Failure   Level
 Inner Flame              Hex/Fire       0%         N/A       85%         3
 Flame Wave               Conj/Fire      0%         2d4       99%         4
 Sticky Flame             Conj/Fire      0%         2d3       99%         4


Dungeon Overview and Level Annotations

Branches:
Dungeon (3/15)

Altars:

Shops:
D:1 =


Message History

The quokka barely misses you. The gnoll completely misses you.
You hit the worm.
The worm is almost dead.
You closely miss the quokka. The quokka bites you. The worm bites you.
The gnoll closely misses you.
Unknown command.
You hit the worm.
The worm is almost dead.
You hit the quokka.
You kill the quokka!
Trog accepts your kill. The gnoll misses you.
Unknown command.
You hit the worm.
You kill the worm!
Trog accepts your kill.
You hit the goblin but do no damage.
The gnoll hits you from afar with a +0 spear!
The goblin closely misses you.
Unknown command.
You barely miss the goblin. The gnoll barely misses you.
The goblin hits you with a +0 mace.
A gnoll comes into view. It is wielding a +2 spear of freezing.
Unknown command.
You barely miss the gnoll. You hit the goblin.
You kill the goblin!
Trog accepts your kill.
The gnoll hits you from afar with a +0 spear!
The gnoll hits you with a +0 flail!
* * * LOW HITPOINT WARNING * * *
You are too injured to fight recklessly!
Unknown command.
You aren't carrying any scrolls.
Unknown command.
A red film seems to cover your vision as you go berserk!
You feel yourself moving faster!
You feel mighty! The gnoll misses you.
The gnoll hits you from afar with a +0 spear.
* * * LOW HITPOINT WARNING * * *
The gnoll hits you from afar with a +0 halberd!
You die...

###########
####........).
.............
#..†.......
#$.@.......
#..g)......
#.gg.......
#..........
#..........
.#g########
#.#. #.#.


You could see 4 gnolls.

Vanquished Creatures
  A gnoll (D:1)
  A worm (D:3)
  3 dart slugs
  5 endoplasms
  2 giant cockroaches (D:1)
  6 goblins
  4 hobgoblins
  4 quokkas
  4 ball pythons (D:1)
  2 bats
  A frilled lizard (D:2)
  6 kobolds
  9 rats
48 creatures vanquished.

Notes
Turn   | Place    | Note
-------+----------+-------------------------------------------
     0 | D:1      | iamoutofideas the Hill Orc Berserker began the quest for
                  | the Orb.
     0 | D:1      | Reached XP level 1. HP: 19/19 MP: 1/1
   159 | D:1      | Reached XP level 2. HP: 27/27 MP: 2/2
   253 | D:1      | Reached XP level 3. HP: 14/33 MP: 3/3
   614 | D:1      | Reached ** piety under Trog
   824 | D:1      | Found a faded altar of an unknown god.
   838 | D:1      | Found Dott's Jewellery Shop.
  1256 | D:2      | Reached skill level 5 in Axes
  1313 | D:2      | Reached XP level 4. HP: 40/41 MP: 4/4
  1964 | D:3      | Slain by a gnoll

Illustrated notes

Levels and vault maps discovered:
D:1:      dpeg_arrival_ratfight, layout_loops_corners,
          shapermc_ecumenical_altar_mp_ritualfount, serial_shops, shop,
          minmay_misc_feat_nine_boxes, minmay_ruptured
D:2:      layout_rooms, serial_forest, infiniplex_forest_lined_room_,
          infiniplex_forest_straight_2, infiniplex_forest_end_3,
          infiniplex_forest_straight_5, infiniplex_forest_clump_curved,
          infiniplex_forest_clump_tiny, infiniplex_forest_corner_1,
          infiniplex_forest_end_3, infiniplex_forest_lined_2
D:3:      layout_basic, lemuel_tele_altar, gup_sewer_entry_pipe, uniq_sigmund

Skill      XL: |  1  2  3 |
---------------+----------+-----
Fighting       | 4 |  4.6
Axes           | 5 |  5.1
Armour         | |  2.7
Dodging        | |  1.8

Action                     |  1- 3 |  4- 6 || total
---------------------------+-------+-------++-------
  Melee: Hand axe          |   106 |    23 ||   129
         Punch             |     2 |       ||     2
 Invoke: Berserk           |     1 |     1 ||     2
    Use: Scroll            |     1 |     3 ||     4
 Armour: Leather armour    |    65 |    21 ||    86
         Animal skin       |     1 |       ||     1
  Dodge: Dodged            |    55 |    14 ||    69

Table legend: (Time is in decaauts)
 A = Elapsed time spent in this place.
 B = Non-inter-level travel time spent in this place.
 C = Inter-level travel time spent in this place.
 D = Time resting spent in this place.
 E = Time spent auto-exploring this place.
 F = Levels seen in this place.
 G = Mean time per level.
                   A        B        C        D        E       F      G
               +--------+--------+--------+--------+--------+-----+--------+
         Total |   1983 |   1876 |    107 |     50 |   1536 |   3 |  661.0 |
       Dungeon |   1983 |   1876 |    107 |     50 |   1536 |   3 |  661.0 |
               +--------+--------+--------+--------+--------+-----+--------+

Top non-repeatable levels by time:
     D:1: 1263 daAuts
     D:2: 708 daAuts
     D:3: 12 daAuts
